 Dungeon Crawl Stone Soup version 0.25-a0-513-ge77a69270c (webtiles) character file.

Game seed: 16898129082726147625, levelgen mode: deterministic

384 Error4North the Skirmisher (level 6, -3/67 HPs)
             Began as an Ogre Berserker on Feb 16, 2020.
             Was a Priest of Trog.
             Slain by an orc
             ... wielding a +0 club
              (7 damage)
             ... on level 4 of the Dungeon.
             The game lasted 00:13:26 (4117 turns).

Error4North the Skirmisher (Ogre Berserker)         Turns: 4117, Time: 00:13:26

Health: -3/67      AC:  3    Str: 22    XL:     6   Next: 77%
Magic:  6/6        EV: 11    Int:  8    God:    Trog [***...]
Gold:   131        SH:  0    Dex: 10    Spells: 5/5 levels left

rFire    . . .     SeeInvis .   a - +0 hand axe
rCold    . . .     Gourm    .   (no shield)
rNeg     . . .     Faith    .   b - +0 animal skin
rPois    .         Spirit   .   (helmet restricted)
rElec    .         Reflect  .   (no cloak)
rCorr    .         Harm     .   (gloves unavailable)
MR       ++...                  (boots unavailable)
Stlth    +.........             (no amulet)
HPRegen  1.21/turn              (no ring)
MPRegen  0.10/turn              (no ring)

@: regenerating (expiring)
A: large, unfitting armour, tough skin 1
a: Berserk, Trog's Hand, Renounce Religion


You were on level 4 of the Dungeon.
You worshipped Trog.
Trog was most pleased with you.
You were very hungry.

You visited 1 branch of the dungeon, and saw 4 of its levels.

You collected 131 gold pieces.

Inventory:

Hand Weapons
 a - a +0 hand axe (weapon)
Armour
 b - a +0 animal skin (worn)
 o - a +0 helmet
Jewellery
 q - a cursed ring of attention {unknown}
Scrolls
 g - 2 scrolls of teleportation {unknown}
 h - 5 scrolls of identify {unknown}
 i - 2 scrolls of fear {unknown}
 j - a scroll of magic mapping {unknown}
 l - a scroll of enchant weapon {unknown}
 m - a scroll of remove curse {unknown}
Potions
 d - a potion of agility {unknown}
 e - a potion of flight {unknown}
 f - a potion of heal wounds {unknown}
 k - 7 potions of curing {unknown}
 n - 2 potions of ambrosia {unknown}
Comestibles
 c - 10 rations


   Skills:
 * Level 6.2 Fighting
 + Level 4.8 Axes
 * Level 4.2 Dodging
 + Level 1.0 Stealth
 * Level 0.8 Unarmed Combat


You had 5 spell levels left.
You didn't know any spells.
Your spell library was empty.

Dungeon Overview and Level Annotations

Branches:
Dungeon (4/15)
 Temple: D:4-7

Altars:
Zin


Innate Abilities, Weirdness & Mutations

You are too large for most types of armour.
You have tough skin. (AC +1)


Message History

You kill the orc!
Trog accepts your kill. The orc hits you with a +0 flail.
* * * LOW HITPOINT WARNING * * *
You hit the orc but do no damage.
The orc is severely wounded.
You feel the effects of Trog's Hand fading.
The orc hits you with a +0 flail!
* * * LOW HITPOINT WARNING * * *
You closely miss the orc.
The orc is severely wounded.
You hit the orc but do no damage. You hit the orc.
You recover from your berserk rage.
The orc hits you with a +0 club!
* * * LOW HITPOINT WARNING * * *
The orc closely misses you.
You hit the orc.
The orc is heavily wounded.
You barely miss the orc. The orc hits you with a +0 club!
You die...

##### .# ######
#...##.#### #.....
#.......... #.....
#.......... #.....
#.......... #.....
#.......... #.....
#.......... #.....
###o###..## ###.....
#.o@###..## #.......
#.......... +.......
#.......... #.......
#...........#.......
#...........#.......
#...........#.......
#...........#.......
#...........#.......
#...###...###.......


You could see 2 orcs.

Vanquished Creatures
  A scorpion (D:4)
  A centaur skeleton (D:4)
  A hound (D:4)
  Natasha (thrice) (D:2)
  A worker ant (D:4)
  A hound skeleton (D:4)
  5 adders
  An adder skeleton (D:4)
  3 worms
  6 dart slugs
  4 leopard geckos
  10 orcs
  A bat (D:2)
  3 giant cockroaches
  7 hobgoblins
  17 jackals
  A ball python (D:2)
  8 frilled lizards
  8 goblins
  4 kobolds
  9 rats
95 creatures vanquished.

Notes
Turn   | Place    | Note
-------+----------+-------------------------------------------
     0 | D:1      | Error4North the Ogre Berserker began the quest for the Orb.
     0 | D:1      | Reached XP level 1. HP: 24/24 MP: 1/1
   239 | D:1      | Reached XP level 2. HP: 30/33 MP: 2/2
   387 | D:1      | Reached XP level 3. HP: 35/41 MP: 3/3
  1076 | D:2      | Noticed Natasha
  1085 | D:2      | Reached skill level 5 in Fighting
  1085 | D:2      | Reached XP level 4. HP: 47/50 MP: 4/4
  1086 | D:2      | Killed Natasha
  1086 | D:2      | Reached ** piety under Trog
  1279 | D:2      | Noticed Natasha
  1291 | D:2      | Killed Natasha
  1409 | D:2      | Reached XP level 5. HP: 54/57 MP: 5/5
  1665 | D:2      | Noticed Natasha
  1675 | D:2      | Killed Natasha
  2838 | D:3      | Reached *** piety under Trog
  2877 | D:3      | Found a glowing silver altar of Zin.
  2934 | D:3      | Reached XP level 6. HP: 64/67 MP: 6/6
  3407 | D:4      | Reached skill level 6 in Fighting
  3847 | D:4      | Reached skill level 1 in Stealth
  4116 | D:4      | HP: 3/67 [orc/+0 club (7)]
  4117 | D:4      | Slain by an orc

Levels and vault maps discovered:
D:1:      dpeg_arrival_court, layout_basic
D:2:      minmay_razor_zed, layout_basic, uniq_natasha
D:3:      layout_rooms, zin_treasury, minmay_diced_spiral
D:4:      layout_gridville, first_ration

Skill      XL: |  1  2  3  4  5  6 |
---------------+-------------------+-----
Dodging        | 3 4 |  4.2
Fighting       | 5 6 |  6.2
Axes           | 4 |  4.8
Stealth        | 1 |  1.0
Unarmed Combat | |  0.8

Action                   |  1- 3 |  4- 6 || total
-------------------------+-------+-------++-------
Melee: Hand axe          |   109 |   229 ||   338
Invok: Berserk           |     1 |     3 ||     4
       Trog's Hand       |       |     2 ||     2
 Stab: Sleeping          |     1 |     4 ||     5
  Eat: Chunk             |     1 |     9 ||    10
       Ration            |       |     1 ||     1
Armor: Animal skin       |    39 |    58 ||    97
Dodge: Dodged            |    61 |   161 ||   222

Table legend:
 A = Non-vault XP
 B = Vault XP
 C = Vault XP percentage of total XP
 D = Non-vault monster count
 E = Vault monster count
 F = Vault count percentage of total count
                 A         B        C        D         E       F
            +---------+---------+-------+---------+---------+-------
      Total |     486 |      63 |  11.5 |      81 |      14 |  14.7
            +---------+---------+-------+---------+---------+-------
        D:1 |      47 |       0 |   0.0 |      23 |       0 |   0.0
        D:2 |     122 |      59 |  32.6 |      18 |      11 |  37.9
        D:3 |      90 |       4 |   4.3 |      29 |       3 |   9.4
        D:4 |     227 |       0 |   0.0 |      11 |       0 |   0.0
            +---------+---------+-------+---------+---------+-------
